 Dungeon Crawl Stone Soup version 0.30-a0-728-gc68057be0a (webtiles) character file.

Game seed: 17825944834694093501

3860 cforsyth the Fighter (level 10, 0/89 HPs)
             Began as a Barachi Hunter on Jan 31, 2023.
             Was a Believer of Fedhas.
             Slain by a wolf spider (6 damage)
             ... on level 8 of the Dungeon on Feb 1, 2023.
             The game lasted 00:23:26 (12578 turns).

cforsyth the Fighter (Barachi Hunter)              Turns: 12578, Time: 00:23:26

Health: 0/89       AC:  6    Str: 12    XL:     10   Next: 18%
Magic:  7/10       EV: 13    Int: 10    God:    Fedhas [**....]
Gold:   251        SH:  0    Dex: 20    Spells: 9/9 levels left

rFire   . . .      SeeInvis .    a - +0 shortbow
rCold   + . .      Faith    .    (shield currently unavailable)
rNeg    . . .      Spirit   .    G - +0 leather armour of Dramatic Exits {rC+}
rPois   +          Reflect  .    m - +0 helmet
rElec   .          Harm     .    n - +0 cloak
rCorr   +          Rampage  .    e - +0 pair of gloves
Will    .....                    (no boots)
Stlth   ++                       B - amulet of the acrobat
HPRegen 0.34/turn                q - ring of poison resistance
MPRegen 0.12/turn                x - ring of resist corrosion

@: unable to hop, slow
A: amphibious, slowness 1, strong legs 1, +LOS
a: Hop, Renounce Religion, Wall of Briars


You were on level 8 of the Dungeon.
You worshipped Fedhas.
Fedhas was pleased with you.
You visited 2 branches of the dungeon, and saw 9 of its levels.

You collected 447 gold pieces.
You spent 196 gold pieces at shops.

Inventory:

Hand Weapons
 a - a +0 shortbow (weapon)
Armour
 c - a +0 leather armour
 e - a +0 pair of gloves (worn)
 m - a +0 helmet (worn)
 n - a +0 cloak (worn)
 G - the +0 leather armour of Dramatic Exits (worn) {rC+}
   (You bought it in a shop on level 7 of the Dungeon)

   rC:        It protects you from cold.
Jewellery
 q - a ring of poison resistance (left hand)
 u - a ring of flight
 x - a ring of resist corrosion (right hand)
 y - a +6 ring of intelligence
 A - a +6 ring of strength
 B - an amulet of the acrobat (around neck)
 I - a ring of fire
Wands
 v - a wand of flame (21)
 w - a wand of roots (2)
 z - a wand of paralysis (7)
 E - a wand of polymorph (4)
 F - a wand of digging (3)
 J - a wand of quicksilver (3)
Scrolls
 b - a scroll of immolation
 f - 2 scrolls of enchant weapon {unknown}
 h - 3 scrolls of amnesia {unknown}
 i - 5 scrolls of identify
 j - a scroll of magic mapping {unknown}
 l - 2 scrolls of poison {unknown}
 o - 2 scrolls of teleportation
 p - 2 scrolls of noise {unknown}
 r - a scroll of silence {unknown}
 s - 2 scrolls of fog {unknown}
 t - 2 scrolls of fear
 C - 2 scrolls of torment {unknown}
Potions
 d - 2 potions of might
 g - 3 potions of magic
 k - a potion of brilliance
 D - a potion of curing
 H - a potion of cancellation {unknown}
 K - a potion of flight {unknown}
 L - 2 potions of mutation {unknown}
 M - a potion of lignification {unknown}


   Skills:
 - Level 12.0 Fighting
 + Level 10.9 Ranged Weapons
 + Level 2.9 Dodging
 - Level 0.8 Stealth
 + Level 1.3 Invocations


You had 9 spell levels left.
You didn't know any spells.
Your spell library contained the following spells:

 Spells                   Type           Power      Damage    Failure   Level
 Foxfire                  Conj/Fire      0%         2x1d4     43%         1
 Sting                    Tmut/Pois      0%         1d3       43%         1
 Cigotuvi's Dreadful Rot  Necr/Pois/Air  0%         N/A       58%         2
 Poisonous Vapours        Pois/Air       0%         N/A       58%         2
 Sublimation of Blood     Necr           0%         N/A       58%         2
 Mephitic Cloud           Conj/Pois/Air  0%         N/A       82%         3
 Stone Arrow              Conj/Erth      0%         3d7       82%         3
 Airstrike                Air            0%         2d(0-16)  99%         4
 Animate Armour           Summ/Erth      0%         N/A       99%         4
 Olgreb's Toxic Radiance  Pois           0%         N/A       99%         4
 Petrify                  Tmut/Erth      0%         N/A       99%         4
 Summon Lightning Spire   Summ/Air       0%         N/A       99%         4
 Fireball                 Conj/Fire      0%         3d3       100%        5
 Irradiate                Conj/Tmut      0%         3d11      100%        5
 Lightning Bolt           Conj/Air       0%         1d11      100%        5
 Starburst                Conj/Fire      0%         6d3       100%        6
 Lehudib's Crystal Spear  Conj/Erth      0%         10d2      100%        8


Dungeon Overview and Level Annotations

Branches:
Dungeon (8/15)             Temple (1/1) D:4
   Lair: D:8-11

Altars:
Ashenzari
Cheibriados
Dithmenos
Elyvilon
Fedhas
Gozag
Hepliaklqana
Kikubaaqudgha
Makhleb
Okawaru
Qazlal
Ru
Sif Muna
Trog
Uskayaw
Vehumet
Wu Jian
Xom
Yredelemnul
Zin
The Shining One

Shops:
D:7 [

Annotations:
Temple 4 transporters


Innate Abilities, Weirdness & Mutations

You are amphibious.
You cover ground slowly.
You can hop short distances.
You have an extended range of vision and can be seen from far away.


Message History

The arrow hits the wolf spider but does no damage.
The wolf spider closely misses you. The wolf spider bites you!
You shoot an arrow.
The arrow barely misses the wolf spider.
The wolf spider hits you!
The wolf spider bites you but does no damage.
The wolf spider hits you!! The wolf spider bites you!
You are too injured to fight recklessly!
You are too injured to fight recklessly!
You are too injured to fight recklessly!
You are too injured to fight recklessly!
You are too injured to fight recklessly!
You are too injured to fight recklessly!
You are too injured to fight recklessly!
You are too injured to fight recklessly!
Fire: a) +0 shortbow
Press: ? - help, Shift-Dir - straight line, f/p - wolf spider
Aim: a wolf spider (72% to hit)
Hop to where?
Press: ? - help, Dir - move target, p - wolf spider Boing!
The wolf spider attacks as you move away!
The wolf spider hits you!
* * * LOW HITPOINT WARNING * * *
The wolf spider bites you.
* * * LOW HITPOINT WARNING * * *
The wolf spider closely misses you. The wolf spider barely misses you.
Fire: a) +0 shortbow
Press: ? - help, Shift-Dir - straight line, f - wolf spider
Aim: a wolf spider (72% to hit)
Okay, then.
Unknown command.
A briar patch grows up from the ground. x7; The wolf spider hits you!
* * * LOW HITPOINT WARNING * * *
The wolf spider bites you but does no damage.
You walk carefully through the plants.
The wolf spider attacks as you move away!
The wolf spider barely misses you. The wolf spider bites you.
You die...
Fedhas appreciates your contribution to the ecosystem.

.########### ###'###..# ...#
##...##........# ...###
#.....#........# .....#
#.....'..8...).# .....#
#.....#........# .....#
##...##........# ....## ####
###'###..# ## .>..# #.#
##PsP##..# #.
....#####.####.P@P.#..# #.
.............#.PPP.#..# #.
###.##########.....#..# #. #
#.# ##...##..# #. # #.#
########..##########. # #.#
#.........#.........< #
#.#########....)###.#.#########
###.#...........<.......#
........#####.....#####.#


You could see a wolf spider (ally target).

Vanquished Creatures
  A two-headed ogre (D:8)
  A hornet (D:7)
  Grinder (D:6)
  Sigmund (D:5)
  A shadow (D:8)
  A water moccasin (D:7)
  An acid dragon (D:8)
  An orc warrior (D:8)
  A black bear (D:6)
  2 ogres
  3 centaurs
  5 phantoms
  A kobold brigand (D:6)
  2 bullfrogs (D:7)
  A gnoll sergeant (D:4)
  3 scorpions
  2 necrophages
  5 killer bees (D:6)
  3 jellies
  4 orc priests
  2 iguanas (D:4)
  4 orc wizards
  6 gnolls
  8 adders
  A shadow imp (D:8)
  2 ufetubi
  3 worms
  A dart slug (D:2)
  26 orcs
  3 endoplasms
  4 giant cockroaches
  14 goblins
  6 hobgoblins
  6 jackals
  6 quokkas
  9 ball pythons
  6 bats
  3 frilled lizards
  8 kobolds
  7 rats
165 creatures vanquished.

Notes
Turn   | Place    | Note
-------+----------+-------------------------------------------
     0 | D:1      | cforsyth the Barachi Hunter began the quest for the Orb.
     0 | D:1      | Reached XP level 1. HP: 17/17 MP: 1/1
   283 | D:1      | Reached XP level 2. HP: 23/23 MP: 2/2
   290 | D:1      | Reached skill level 3 in Fighting
   698 | D:1      | Reached XP level 3. HP: 29/29 MP: 3/3
  1029 | D:2      | Reached skill level 4 in Fighting
  1029 | D:2      | Reached XP level 4. HP: 37/37 MP: 4/4
  1508 | D:3      | Reached skill level 5 in Ranged Weapons
  1589 | D:3      | Found a blossoming altar of Fedhas.
  1671 | D:3      | Found a shadowy altar of Dithmenos.
  2018 | D:4      | Found a staircase to the Ecumenical Temple.
  2116 | Temple   | Entered the Ecumenical Temple
  2116 | Temple   | Found a transporter.
  2116 | Temple   | Found a transporter.
  2117 | Temple   | Found a transporter.
  2117 | Temple   | Found a transporter.
  2189 | D:3      | Became a worshipper of Fedhas Madash
  2286 | D:4      | Identified the +2 whip "Moutzarphi" {drain, Fragile rElec
                  | rC- Dex+8}
  2960 | D:4      | Reached XP level 5. HP: 43/43 MP: 5/5
  3162 | D:4      | Reached skill level 5 in Fighting
  3419 | D:4      | Reached XP level 6. HP: 34/51 MP: 6/6
  3721 | D:5      | Entered Level 5 of the Dungeon
  4531 | D:5      | Reached * piety under Fedhas
  4543 | D:5      | Found an opulent altar of Gozag.
  4544 | D:5      | Found an opulent altar of Gozag.
  4544 | D:5      | Found an opulent altar of Gozag.
  4549 | D:5      | Reached skill level 6 in Fighting
  4576 | D:5      | Found an opulent altar of Gozag.
  4927 | D:4      | Reached XP level 7. HP: 16/59 MP: 7/7
  5470 | D:5      | Noticed Sigmund
  6024 | D:4      | Reached skill level 7 in Fighting
  6614 | D:5      | Killed Sigmund
  7069 | D:4      | Reached XP level 8. HP: 60/68 MP: 8/8
  7128 | D:5      | Reached skill level 8 in Fighting
  7627 | D:5      | Found an iron altar of Okawaru.
  7723 | D:6      | Identified the +1 ring mail "Cejyh" {Str+3 Stlth+}
  8108 | D:6      | Noticed Grinder
  8120 | D:6      | Paralysed by Grinder for 5 turns
  8130 | D:6      | Killed Grinder
  8131 | D:6      | Reached skill level 9 in Fighting
  8554 | D:6      | Reached XP level 9. HP: 51/78 MP: 9/9
  8688 | D:6      | Reached ** piety under Fedhas
  9044 | D:6      | Reached skill level 10 in Fighting
  9964 | D:7      | Noticed a hornet
  9983 | D:7      | Killed a hornet
 10256 | D:7      | Found Lixie's Antique Armour Shoppe.
 10261 | D:7      | Bought a transparent leather armour for 196 gold pieces
 10261 | D:7      | Identified the +0 leather armour of Dramatic Exits {rC+}
                  | (You bought it in a shop on level 7 of the Dungeon)
 10477 | D:7      | Reached skill level 11 in Fighting
 10880 | D:8      | Reached skill level 10 in Ranged Weapons
 11319 | D:8      | Noticed a two-headed ogre
 11333 | D:8      | Killed a two-headed ogre
 11334 | D:8      | Reached XP level 10. HP: 23/89 MP: 6/10
 11555 | D:8      | Noticed a wolf spider
 11660 | D:8      | Reached skill level 12 in Fighting
 12209 | D:7      | Reached skill level 1 in Invocations
 12578 | D:8      | Slain by a wolf spider

Illustrated notes

Levels and vault maps discovered:
D:1:      dpeg_arrival_leaves_temple_mockup, layout_loops_corners
D:2:      layout_rooms
D:3:      layout_loops_ring, overflow_temple_1_default,
          mainiacjoe_overflow_alcove_2
D:4:      layout_loops_corners, minmay_temple_entry_tees,
          kennysheep_opposing_triangles
D:5:      layout_basic, okawaru_altar_gauntlet_db,
          nicolae_gozag_conspicuous_consumption, uniq_sigmund
D:6:      layout_loops_cross, gup_sewer_entry_bubbles, uniq_grinder
D:7:      layout_loops_ring, serial_shops, kennysheep_little_box
D:8:      layout_loops_ring, minmay_three_doors
Temple:   hellmonk_temple_divided_pantheon

Skill      XL: |  1  2  3  4  5  6  7  8  9 10 |
---------------+-------------------------------+-----
Fighting       | 3 4 5 6 7 9 11 12 | 12.0
Ranged Weapons | 5 6 7 8 10 | 10.9
Invocations    | 1 |  1.3
Dodging        | |  2.9
Stealth        | |  0.8

Action                     |  1- 3 |  4- 6 |  7- 9 | 10-12 || total
---------------------------+-------+-------+-------+-------++-------
  Melee: Shortbow          |       |       |     6 |       ||     6
   Fire: Shortbow          |    93 |   204 |   370 |    57 ||   724
  Throw: Throwing net      |       |       |     1 |       ||     1
 Invoke: Wall of Briars    |       |       |     1 |     1 ||     2
Ability: Hop               |       |     3 |     3 |     2 ||     8
  Evoke: Wand              |       |       |     7 |       ||     7
    Use: Scroll            |       |     4 |     1 |       ||     5
         Potion            |       |     3 |     2 |       ||     5
 Armour: Leather armour    |    10 |    55 |    91 |     7 ||   163
  Dodge: Dodged            |    27 |   160 |   214 |    47 ||   448

Table legend: (Time is in decaauts)
 A = Elapsed time spent in this place.
 B = Non-inter-level travel time spent in this place.
 C = Inter-level travel time spent in this place.
 D = Time resting spent in this place.
 E = Time spent auto-exploring this place.
 F = Levels seen in this place.
 G = Mean time per level.
                   A        B        C        D        E       F      G
               +--------+--------+--------+--------+--------+-----+--------+
         Total |  13761 |  13227 |    534 |   5585 |   5538 |   9 | 1529.0 |
       Dungeon |  13721 |  13200 |    521 |   5585 |   5538 |   8 | 1715.1 |
        Temple |     40 |     28 |     12 |      0 |      0 |   1 |   40.0 |
               +--------+--------+--------+--------+--------+-----+--------+

Top non-repeatable levels by time:
     D:4: 4196 daAuts
     D:6: 1803 daAuts
     D:3: 1680 daAuts
     D:7: 1621 daAuts
     D:8: 1541 daAuts
     D:5: 1313 daAuts
     D:1: 969 daAuts
     D:2: 596 daAuts
  Temple: 40 daAuts
